 Dungeon Crawl Stone Soup version 0.29-a0-648-g6b26cc9f40 (webtiles) character file.

Game seed: 5600933816457777177

422479 skullybones the Sniper (level 22, -10/188 (192) HPs)
             Began as a Demonspawn Abyssal Knight on June 21, 2022.
             Was the Champion of Lugonu.
             Mangled by a death yak (33 damage)
             ... summoned by a spriggan berserker
             ... on level 2 of the Depths.
             The game lasted 01:40:12 (47604 turns).

skullybones the Sniper (Demonspawn Abyssal Knight) Turns: 47604, Time: 01:40:12

HP:   -10/188 (192) AC: 18    Str: 19    XL:     22   Next: 68%
MP:   23/28         EV: 36    Int: 12    God:    Lugonu [******]
Gold: 4043          SH:  0    Dex: 35    Spells: 16/21 levels left

rFire   + . .      SeeInvis +   S - +9 heavy crossbow "Sniper" {vorpal, Acc+∞ SInv}
rCold   + . .      Faith    .   (shield currently unavailable)
rNeg    . . .      Spirit   .   e - +4 troll leather armour
rPois   .          Reflect  .   X - +2 helmet {SInv}
rElec   .          Harm     .   C - +2 cloak
rCorr   .          Rampage  .   (gloves unavailable)
Will    ++...                   y - +2 pair of boots
Stlth   ++++++++++              s - amulet "Yfuefik" {rF+ rC+ Will+ Regen+ Stlth+}
HPRegen 2.01/turn               Z - ring "Buipnifeo" {Dex+4 Slay+3 SInv Stlth+}
MPRegen 0.21/turn               D - +6 ring of dexterity

@: lethally poisoned (-10 -> -10), very slightly contaminated, studying 4
skills, lightly drained
A: thin skeletal structure 3, foul stench 3, demonic magic 3, demonic touch 3
}: 2/15 runes: decaying, serpentine
a: Renounce Religion, Depart the Abyss, Bend Space, Banish, Corrupt, Enter the
Abyss


You were on level 2 of the Depths.
You worshipped Lugonu.
Lugonu was exalted by your worship.
You visited 7 branches of the dungeon, and saw 39 of its levels.
You visited the Abyss 2 times.
You also visited: Trove, Gauntlet and Ice Cave.

You collected 5622 gold pieces.
You spent 1579 gold pieces at shops.


Innate Abilities, Weirdness & Mutations

You have an unnaturally thin skeletal structure. (Dex +6, Stealth+++)
You frequently emit foul miasma when damaged in melee.
Spells you cast and wands you use may paralyse nearby enemies.
Your touch may irresistibly damage your foes and sap their willpower.


   Skills:
 - Level 20.6 Fighting
 - Level 6.1 Polearms
 - Level 21.0 Crossbows
 - Level 4.3 Armour
 + Level 18.7 Dodging
 - Level 10.0 Stealth
 + Level 11.6 Conjurations
 + Level 11.1 Transmutations
 - Level 9.0 Invocations
 - Level 10.0 Evocations


You had 16 spell levels left.
You knew the following spells:

 Your Spells              Type           Power      Damage    Failure   Level
i - Irradiate             Conj/Tmut      13%        3d17      10%         5

Your spell library contained the following spells:

 Spells                   Type           Power      Damage    Failure   Level
 Beastly Appendage        Tmut           52%        N/A       1%          1
 Magic Dart               Conj           100%       1d8       1%          1
 Searing Ray              Conj           54%        2d6       1%          2
 Wereblood                Tmut           26%        N/A       1%          2
 Foxfire                  Conj/Fire      52%        2x1d6     3%          1
 Static Discharge         Conj/Air       13%        N/A       5%          2
 Conjure Flame            Conj/Fire      13%        6-21      11%         3
 Stone Arrow              Conj/Erth      26%        3d8       11%         3
 Blade Hands              Tmut           13%        N/A       11%         5
 Spider Form              Tmut/Pois      13%        N/A       12%         3
 Ignite Poison            Fire/Tmut/Pois 8%         N/A       26%         3
 Flame Wave               Conj/Fire      13%        2d6       34%         4
 Fulminant Prism          Conj/Hex       6%         3d7       34%         4
 Hailstorm                Conj/Ice       13%        3d5       34%         4
 Sticky Flame             Conj/Fire      13%        2d4       34%         4
 Apportation              Tloc           0%         N/A       36%         1
 Freeze                   Ice            0%         1d3       36%         1
 Necrotize                Necr           0%         1d4       36%         1
 Sandblast                Erth           0%         2d4       36%         1
 Slow                     Hex            0%         N/A       36%         1
 Summon Small Mammal      Summ           0%         N/A       36%         1
 Ice Form                 Ice/Tmut       13%        N/A       36%         4
 Petrify                  Tmut/Erth      13%        N/A       36%         4
 Blink                    Tloc           0%         N/A       50%         2
 Ensorcelled Hibernation  Hex/Ice        0%         N/A       50%         2
 Sublimation of Blood     Necr           0%         N/A       50%         2
 Lightning Bolt           Conj/Air       6%         1d18      69%         5
 Call Canine Familiar     Summ           0%         N/A       75%         3
 Confusing Touch          Hex            0%         N/A       75%         3
 Frozen Ramparts          Ice            0%         1d2       75%         3
 Inner Flame              Hex/Fire       0%         N/A       75%         3
 Lesser Beckoning         Tloc           0%         N/A       75%         3
 Ozocubu's Armour         Ice            0%         N/A       75%         3
 Summon Guardian Golem    Hex/Summ       0%         N/A       75%         3
 Vampiric Draining        Necr           0%         2d6       75%         3
 Airstrike                Air            0%         N/A       98%         4
 Anguish                  Hex/Necr       0%         N/A       98%         4
 Animate Armour           Summ/Erth      0%         N/A       98%         4
 Corpse Rot               Necr/Pois/Air  0%         N/A       98%         4
 Dispel Undead            Necr           0%         3d6       98%         4
 Olgreb's Toxic Radiance  Pois           0%         N/A       98%         4
 Summon Ice Beast         Ice/Summ       0%         N/A       98%         4
 Summon Lightning Spire   Summ/Air       0%         N/A       98%         4
 Dragon Form              Tmut           13%        N/A       98%         7
 Manifold Assault         Tloc           0%         N/A       100%        5
 Metabolic Englaciation   Hex/Ice        0%         N/A       100%        5
 Death Channel            Necr           0%         N/A       100%        6
 Simulacrum               Ice/Necr       0%         N/A       100%        6
 Ozocubu's Refrigeration  Ice            0%         4d5       100%        7
 Storm Form               Tmut/Air       6%         N/A       100%        7
 Ignition                 Fire           0%         3d3       100%        8
 Infestation              Necr           0%         N/A       100%        8
 Maxwell's Capacitive Co  Air            0%         ∞         100%        8
 Necromutation            Tmut/Necr      6%         N/A       100%        8

Inventory:

Hand Weapons
 a - a +4 quick blade of distortion {rare}
   (You found it on level 5 of the Lair of Beasts)
 I - the +8 frozen axe "Frostbite" {freezing cloud, *Noise Fly rC+}
   (You found it in an ice cave)

   It freezes those it strikes, dealing additional cold damage.
   It can also slow down cold-blooded creatures.
   It occasionally leaves clouds of freezing vapour upon striking a foe.
   It grants immunity to clouds of freezing vapour.
   rC:        It protects you from cold.
   Fly:       It grants you flight.
   *Noise:    It may make noises in combat.
 S - the +9 heavy crossbow "Sniper" (weapon) {vorpal, Acc+∞ SInv}
   (You found it on level 6 of the Dungeon)

   Any ammunition fired from it inflicts extra damage upon your enemies.
   Any ammunition fired from it never misses its target.
   SInv:      It lets you see invisible.
Missiles
 i - 3 throwing nets {=f!f}
 t - 12 curare-tipped darts {=f}
Armour
 e - a +4 troll leather armour (worn)
   (You found it on level 11 of the Dungeon)
 y - a +2 pair of boots (worn)
   (You found it on level 15 of the Dungeon)
 C - a +2 cloak (worn)
   (You found it on level 1 of the Dungeon)
 F - +0 swamp dragon scales
   (You found it on level 4 of the Swamp)
 X - a +2 helmet of see invisible (worn)
   (You found it in a Gauntlet)
Jewellery
 f - the ring of the Firefly {Fly rF+ rN+}
   (You took it off a minotaur in a Gauntlet)

   [ring of flight]

   rF:        It protects you from fire.
   rN:        It protects you from negative energy.
   Fly:       It grants you flight.
 s - the amulet "Yfuefik" (around neck) {rF+ rC+ Will+ Regen+ Stlth+}
   (You found it in a Gauntlet)

   [amulet of regeneration]

   rF:        It protects you from fire.
   rC:        It protects you from cold.
   Regen:     It increases your rate of health regeneration.
   Will:      It increases your willpower.
   Stlth:     It makes you more stealthy.
 D - a +6 ring of dexterity (right hand)
   (You found it on level 5 of the Dungeon)
 P - a ring of poison resistance
   (You found it on level 4 of the Vaults)
 R - a ring of resist corrosion
   (You found it on level 14 of the Dungeon)
 Z - the ring "Buipnifeo" (left hand) {Dex+4 Slay+3 SInv Stlth+}
   (You bought it in a shop on level 2 of the Orcish Mines)

   [ring of see invisible]

   Dex:       It affects your dexterity (+4).
   Slay:      It affects your accuracy & damage with ranged weapons and melee
   (+3).
   SInv:      It lets you see invisible.
   Stlth:     It makes you more stealthy.
Wands
 l - a wand of charming (25)
   (You found it on level 4 of the Lair of Beasts)
 m - a wand of acid (21)
   (You found it on level 4 of the Swamp)
 x - a wand of iceblast (34)
   (You found it on level 9 of the Dungeon)
 z - a wand of polymorph (17)
   (You took it off Maurice on level 9 of the Dungeon)
 L - a wand of flame (20)
   (You found it on level 2 of the Snake Pit)
 N - a wand of digging (16)
   (You found it on level 2 of the Lair of Beasts)
Scrolls
 d - 2 scrolls of torment {!r}
 k - 6 scrolls of immolation {!r!r}
 n - 8 scrolls of teleportation {@r4}
 o - 9 scrolls of magic mapping {!r}
 v - 6 scrolls of fog
 w - 4 scrolls of fear
 B - 4 scrolls of silence {!r}
 J - 10 scrolls of blinking {!r}
 M - 5 scrolls of poison {!r}
 V - 3 scrolls of summoning
 W - 8 scrolls of vulnerability {!r!r}
Potions
 b - 4 potions of attraction {!q}
 g - 5 potions of flight
 h - 5 potions of berserk rage {!q}
 p - 8 potions of brilliance
 q - 5 potions of cancellation
 r - 8 potions of lignification {!q}
 u - 16 potions of curing {@q1}
 A - 8 potions of might
 E - 3 potions of heal wounds {@q2}
 G - 8 potions of magic
 H - 4 potions of haste {@q3}
 O - 7 potions of mutation {!q}
 Q - 3 potions of invisibility
 T - 4 potions of resistance
 Y - 4 potions of ambrosia
Miscellaneous
 c - a condenser vane
   (You found it in an ice cave)
 j - a lightning rod (4/4)
   (You found it on level 3 of the Swamp)
 K - a box of beasts
   (You found it on level 5 of the Lair of Beasts)
 U - a tin of tremorstones (2/2)
   (You found it on level 12 of the Dungeon)

Dungeon Overview and Level Annotations

Branches:
Dungeon (15/15) Zot: 25413  Temple (0/1) D:6            Lair (6/6) D:9 Zot: 23552
  Swamp (4/4) Lair:4 Zot: 20098   Snake (4/4) Lair:3 Zot: 18230   Slime (0/5) Lair:6
    Orc (2/2) D:10 Zot: 10145     Elf (0/3) Orc:2        Vaults (5/5) D:14 Zot: 23208
  Crypt (0/3) Vaults:3     Depths (3/4) D:15 Zot: 15712   IceCv (visited)
Gauntlet (visited)

Altars:
Ashenzari
Fedhas
Gozag
Kikubaaqudgha
Qazlal
Trog
Vehumet
Yredelemnul
Beogh
Jiyva
Lugonu

Shops:
D:2 ?   D:12 *(   Orc:2 =[:*   Snake:1 (   Snake:2 (   Vaults:2 ?

Portals:
Hell: Depths:1 Depths:2
Abyss: Lair:6 Depths:1 Depths:2
Pandemonium: Depths:2
Ziggurat: Depths:2

Annotations:
D:8 3 runed translucent doors, trickyswaf's ghost, novice MiFi
Lair:1 2 transporters, dolemite99's ghost, journeyman DjCj

..(#..##...#..###.#.#..##..#...#
...#..###..#..#...#.#.##...#.#.#
...........#..#.#)#.###.}..#.#.#
...........#..#.#.#.##.∩.#.#...#
...........#..#.#.#.#...##.#...#
......####.#..#...#....###.#...#
.........#....#<..#...##.#.#...#
.........#[#..#.#Y#..##..#.#.###
........)#.#..#.@§####...#'#∩#
......####.#..#...§.i....)...####
..#...###..#..#..#.####..#.......
..[...##...#..#.#..# #.(#.######
....#.#....#..#....# #..#.#
..............#.#..####[.#.#
##########....#............#
..............#.....###.^..#
..............#.....# #....#


You could see a death yak (summoned, berserk) and a spriggan berserker (berserk,
regenerating, strong-willed).


Message History

The spriggan berserker utters an invocation to Trog.
The death yak goes berserk! 😨 HP[+4]
You regained 4 hp, and now have 93/187 hp. 😮 HP[+2]
You regained 2 hp, and now have 95/187 hp.
Press: ? - help, Shift-Dir - straight line, f/p - vampire knight
Aim: a vampire knight, wielding a +3 great sword, wearing a +0 chain mail and quivering atropa-tipped darts (fast, chance to affect: 37%)
Okay, then.
The vampire knight attacks as you move away!
The vampire knight hits you with a +3 great sword!
* * * LOW HITPOINT WARNING * * *
The vampire knight bites you but does no damage. 😨 HP[-12]
You take 12 damage, and now have 83/187 hp.
Casting: Irradiate (dangerous; 10% risk of failure)
Confirm with . or Enter, or press ? or * to list all spells.
Okay, then.
Casting: Irradiate (dangerous; 10% risk of failure)
Confirm with . or Enter, or press ? or * to list all spells.
You erupt in a fountain of uncontrolled magic!
The vampire knight is blasted with magical radiation!!
You are very lightly contaminated with residual magic.
Malevolent energies surge around you.
The vampire knight completely misses you. x3
The vampire knight bites you.
* * * LOW HITPOINT WARNING * * *
The vampire knight draws strength from your injuries! 😨 HP[-3] MP[-5]
You take 3 damage, and now have 80/187 hp.
You lost 5 mp, and now have 23/28 mp.
Unknown command.
Shoot: S) +9 heavy crossbow "Sniper" {vorpal, Acc+∞ SInv}
Press: ? - help, Q - select action, (/) - cycle Shift-Dir - straight line, f/p - vampire knight
Aim: a vampire knight, wielding a +3 great sword, wearing a +0 chain mail and quivering atropa-tipped darts (heavily damaged, fast, 100% to hit)
You shoot a bolt. The bolt hits the vampire knight.
The vampire knight completely misses you.
The vampire knight bites you but does no damage.
You hear a bellow!
The vampire knight casts a spell.
The vampire knight flickers and vanishes for a moment. 😨 HP[+3]
You regained 3 hp, and now have 83/187 hp.
Shoot: S) +9 heavy crossbow "Sniper" {vorpal, Acc+∞ SInv}
Press: ? - help, Q - select action, (/) - cycle Shift-Dir - straight line, f/p - vampire knight
Aim: a vampire knight, wielding a +3 great sword, wearing a +0 chain mail and quivering atropa-tipped darts (heavily damaged, fast, slightly transparent, 100% to hit)
You shoot a bolt. The bolt hits the vampire knight!!
The vampire knight hits you but does no damage.
The vampire knight bites you but does no damage.
The spriggan berserker invokes Trog's protection!
The vampire knight completely misses you. x2
The vampire knight barely misses you. The vampire knight bites you.
* * * LOW HITPOINT WARNING * * *
The vampire knight draws strength from your injuries! 😨 HP[+1] Shoot: S) +9 heavy crossbow "Sniper" {vorpal, Acc+∞ SInv}
Press: ? - help, Q - select action, (/) - cycle Shift-Dir - straight line, f/p - vampire knight
Aim: a vampire knight, wielding a +3 great sword, wearing a +0 chain mail and quivering atropa-tipped darts (almost destroyed, fast, slightly transparent, 100% to hit)
You shoot a bolt. The bolt hits the vampire knight!!!
You destroy the vampire knight!
Lugonu accepts your kill.
The spriggan berserker mumbles some strange prayers to Trog.
The spriggan berserker goes berserk! 😨 HP[+4] MP[+1]
You now have 188 max hp (+1).
You regained 4 hp, and now have 88/188 hp.
Shoot: S) +9 heavy crossbow "Sniper" {vorpal, Acc+∞ SInv}
Press: ? - help, Q - select action, (/) - cycle Shift-Dir - straight line, f - spriggan berserker
Aim: a spriggan berserker, wielding a +1 rapier of venom and wearing a +0 animal skin (berserk, regenerating, strong-willed, 100% to hit)
You shoot a bolt. The bolt hits the spriggan berserker!!!
The spriggan berserker completely misses you.
The spriggan berserker hits you with a +1 rapier of venom!!
* * * LOW HITPOINT WARNING * * *
The spriggan berserker hits you with a +1 rapier of venom!!
* * * LOW HITPOINT WARNING * * *
You are poisoned. 😱 HP[-52]
You take 52 damage, and now have 36/188 hp.
MASSIVE DAMAGE!! (PAUSE) Space bends violently around you!
You blink.
You feel very sick. 😱 HP[-6] MP[-1]
You take 6 damage, and now have 30/188 hp.
You lost 1 mp, and now have 23/28 mp.
Unknown command.
Unknown command.
Shoot: S) +9 heavy crossbow "Sniper" {vorpal, Acc+∞ SInv}
Press: ? - help, Q - select action, (/) - cycle Shift-Dir - straight line, f/p - spriggan berserker
Aim: a spriggan berserker, wielding a +1 rapier of venom and wearing a +0 animal skin (heavily wounded, berserk, regenerating, strong-willed, 100% to hit)
You shoot a bolt. The bolt hits the spriggan berserker!!
You feel extremely sick. 😱 HP[-4] MP[+1]
You take 4 damage, and now have 26/188 hp.
Space bends violently around you!
You blink.
The spriggan berserker blinks!
You feel very sick. The death yak gores you!!
You die...

Skill      XL: |  1  2  3  4  5  6  7  8  9 10 11 12 13 14 15 16 17 18 19 20 21 22 |
---------------+-------------------------------------------------------------------+-----
Polearms       | 2 3 4 5 6 |  6.1
Armour         | 2 3 4 |  4.3
Invocations    | 3 4 5 6 8 9 |  9.0
Fighting       | 4 5 6 7 9 10 11 13 14 17 19 20 | 20.6
Dodging        | 2 5 7 9 11 12 13 14 15 16 17 18 | 18.7
Crossbows      | 3 7 9 12 14 16 17 19 20 21 | 21.0
Evocations     | 4 7 10 | 10.0
Stealth        | 5 9 10 | 10.0
Transmutations | 6 9 11 | 11.1
Conjurations   | 7 9 11 | 11.6

Action                   |  1- 3 |  4- 6 |  7- 9 | 10-12 | 13-15 | 16-18 | 19-21 | 22-24 || total
-------------------------+-------+-------+-------+-------+-------+-------+-------+-------++-------
Melee: Spear             |   168 |   202 |   231 |       |       |       |       |       ||   601
       Punch             |     2 |     2 |     5 |       |       |       |       |       ||     9
       Touch             |       |       |    46 |       |       |       |       |       ||    46
       Heavy crossbow    |       |       |       |       |     2 |       |       |       ||     2
 Fire: Heavy crossbow    |       |       |    33 |   295 |   699 |   334 |  1088 |   261 ||  2710
Throw: Stone             |    12 |       |       |       |       |       |       |       ||    12
       Dart              |       |     5 |     7 |       |       |       |       |       ||    12
 Cast: Irradiate         |       |       |       |       |       |       |       |     1 ||     1
Invok: Bend Space        |       |       |       |     1 |     4 |     1 |    10 |    11 ||    27
       Banish            |       |       |       |     4 |       |     5 |     6 |       ||    15
       Depart the Abyss  |       |       |       |       |     1 |       |       |       ||     1
       Corrupt           |       |       |       |       |     1 |       |       |       ||     1
       Brand Weapon With |       |       |       |       |     1 |       |       |       ||     1
Evoke: Wand              |       |       |     1 |       |       |       |       |     1 ||     2
       Tin of tremorston |       |       |       |       |       |     2 |     1 |       ||     3
       Condenser vane    |       |       |       |       |       |       |     1 |       ||     1
  Use: Scroll            |     5 |     1 |     4 |     6 |    15 |    10 |    18 |     3 ||    62
       Potion            |       |       |       |     2 |     1 |     5 |     5 |     3 ||    16
 Stab: Sleeping          |     1 |       |     4 |       |       |       |       |       ||     5
Armor: Leather armour    |    42 |    71 |       |       |       |       |       |       ||   113
       Ring mail         |    24 |       |       |    89 |   159 |   104 |       |       ||   376
       Steam dragon scal |       |       |    57 |    19 |       |       |       |       ||    76
       Swamp dragon scal |       |       |       |       |       |     8 |    29 |       ||    37
       Troll leather arm |       |       |       |       |       |       |   100 |    31 ||   131
Dodge: Dodged            |    85 |    86 |   111 |   365 |   566 |   443 |  1089 |   193 ||  2938

Levels and vault maps discovered:
D:1:      minmay_arrival_hallway, layout_loops_cross
D:2:      layout_basic, serial_shops, shop, chequers_hall_statues_wall_a,
          chequers_serial_rivers_small_3, chequers_serial_rivers_micro_a,
          lemuel_old_faithful
D:3:      minmay_razor_zed, layout_basic, serial_curves, eino_curves_01,
          eino_curves_04, chequers_serial_rivers_small_b,
          chequers_serial_rivers_marsh
D:4:      layout_rooms, nicolae_gozag_seed_capital, kennysheep_generic_room_7
D:5:      minmay_bubble_buster, layout_cave_pods, minmay_fire_ice_demons
D:6:      layout_basic, mainiacjoe_overflow_alcove_2,
          minmay_temple_entry_drinking_statues, roderic_lattice_a
D:7:      layout_basic
D:8:      nicolae_BIG_FREAKIN_CUBE, layout_layer_cave, ebering_ghost_gozag
D:9:      layout_long_grid, dpeg_oklobed_lair, minivault_5,
          nicolae_figureground_sparkle, uniq_maurice, uniq_harold, uniq_joseph
D:10:     layout_irregular_city, orc_0_dummy, st_stairs_8
D:11:     layout_roguey, nicolae_trove_entry_crossroad, grunt_decor_junction
D:12:     layout_gridville, serial_shops, shop, shop_coins, uniq_kirke
D:13:     layout_loops_cross, uniq_jorgrun
D:14:     layout_long_grid, erik_vaults_1, nicolae_qazlal_scattered_showers,
          nicolae_ashenzari_panopticon
D:15:     grunt_enter_depths_giant_problem, layout_rooms
Lair:1:   layout_cave_shapes, gammafunk_ghost_arena, lemuel_fruit_fields
Lair:2:   layout_gridlike, infiniplex_staircase_pool
Lair:3:   layout_chaotic_city, guppyfry_snake_entry_garden, minmay_hedge_maze,
          beast_lair_carwin_10, grunt_megastairs_1
Lair:4:   layout_gridlike, skrybe_swamp_entry_bodies, ldierk_geyser,
          minmay_stone_trees_medium, serial_bayou_shore_b, serial_bayou_shore_b,
          lemuel_fruit_tree, uniq_sonja, uniq_nergalle
Lair:5:   layout_cave_pods, nicolae_lair_lil_pond, lemuel_oklob_altar
Lair:6:   hellmonk_lair_end_abyssal_woods, layout_layer_cave, slime_altar_1,
          gauntlet_entry_generic, serial_bayou_pond_e, serial_bayou_pond_a,
          serial_bayou_shore_b, serial_bayou_shore_b
Swamp:1:  layout_basic_swamp, evilmike_swamp_ruin_rubble_2
Swamp:2:  layout_falls_marsh, evilmike_swamp_ruin_house_1
Swamp:3:  layout_basic_swamp, evilmike_swamp_ruin_house_5
Swamp:4:  byrel_swamp_growth_death_and_undeath, layout_basic_swamp
Snake:1:  layout_concentric_octagons, minmay_shop_star, grunt_megastairs_5
Snake:2:  layout_misc_corridors, gammafunk_ghost_grave, serial_shops, shop
Snake:3:  layout_chambers, basic_altar, nrook_guardian_serpent_ordinary,
          serial_bayou_shore_a, uniq_vashnia
Snake:4:  johnstein_snake_rune_scales, layout_cave_town,
          portal_ice_cave_entry_dragon, uniq_mlioglotl
Orc:1:    layout_diamond_mine
Orc:2:    st_orc_town, layout_caves, rock_pile
Vaults:1: ontoclasm_vaults_gallery, v_alt_pattern_3,
          nicolae_vaults_diagonal_hallway_7, nicolae_vaults_asterisk,
          nicolae_vaults_little_squares_6, nicolae_vaults_mini_display_case,
          nicolae_vaults_network_periphery, v_misc_11, serial_ice_b,
          nicolae_vaults_network_barrier, v_misc_29,
          vaults_room_grunt_arrival_ludios, v_misc_14, layout_vaults_omnibox
Vaults:2: nicolae_vaults_shelves_hall, v_misc_26, vaults_mumra_lcd,
          vaults_dpeg_spiral, hangedman_vaults_restitches,
          ontoclasm_vaults_loading_screen, nicolae_vaults_yaktaur_gun_rack,
          nicolae_vaults_ninety_degrees, vaults_room_hallway,
          hangedman_vaults_cutoff, nicolae_vaults_little_squares_2,
          layout_vaults_omnigrid, serial_shops, shop
Vaults:3: grunt_vaults_swirl, minmay_crypt_entry_simple_walls, v_misc_29,
          dpeg_vaults_monster_row, grunt_vaults_bifocal, grunt_vaults_twisty,
          v_misc_11, v_alt_pattern_3, v_misc_29, vaults_dpeg_hooks,
          nicolae_vaults_little_squares_1, serial_ice_h,
          nicolae_vaults_shelves_hall, ontoclasm_vaults_ligature,
          layout_vaults_omnicross
Vaults:4: v_misc_32, ontoclasm_vaults_tryst, vaults_room_octagon,
          nicolae_vaults_little_ls, ontoclasm_vaults_ring_large,
          grunt_vaults_focal, ontoclasm_vaults_chip, vaults_mumra_minichess,
          v_misc_29, hangedman_vaults_corner_blocks, ontoclasm_vaults_gateway,
          nicolae_vaults_angled_halls, v_misc_27, vaults_mumra_bighexcomb,
          layout_vaults_maze
Vaults:5: serial_shops, uniq_xtahua
Depths:1: layout_cave_pools, abyss_entry, pf_hell_entry_tar_spiral,
          kennysheep_nub, rand_demon_pan_entry_9, nicolae_danse_macabre,
          serial_bayou_shore_b
Depths:2: minmay_containers, layout_basic, enter_ziggurat_a, pf_coc_iceberg,
          grunt_pan_entry_zigzag, abyss_entry, infiniplex_staircase_pool_1,
          firewood_loft, uniq_vv, uniq_mara
Depths:3: minmay_the_grid_net [minmay_the_grid_tree, minmay_the_grid_eight,
          minmay_the_grid_tri_star, minmay_the_grid_stretched_grid,
          minmay_the_grid_large_cup,
          minmay_the_grid_prize_four_corners_diamond_a], layout_cave_shapes,
          hangedman_decor_riveting, pf_dread_powers_of_hell,
          marbit_kobold_abyss_entry, kennysheep_kite_vault

Notes
Turn   | Place    | Note
-------+----------+-------------------------------------------
     0 | Abyss:1  | skullybones the Demonspawn Abyssal Knight began the quest
                  | for the Orb.
     0 | Abyss:1  | Reached XP level 1. HP: 18/18 MP: 2/2
     0 | Abyss:1  | magus.rc [v1.11.3]
    93 | D:1      | You pass through the gate.
    93 | D:1      | Escaped the Abyss
   190 | D:1      | Reached skill level 2 in Polearms
   190 | D:1      | Reached skill level 2 in Armour
   190 | D:1      | Gained mutation: You may rarely emit foul miasma when
                  | damaged in melee. [demonic ancestry]
   190 | D:1      | Reached XP level 2. HP: 12/24 MP: 4/4
   340 | D:1      | You pick up a book of Debilitation and begin reading...
   340 | D:1      | You add the spells Slow, Vampiric Draining and Confusing
                  | Touch to your library.
  1005 | D:1      | Reached skill level 3 in Invocations
  1260 | D:2      | Gained mutation: You sometimes emit foul miasma when
                  | damaged in melee. [demonic ancestry]
  1260 | D:2      | Reached XP level 3. HP: 24/29 MP: 5/5
  1473 | D:2      | Reached *** piety under Lugonu
  1917 | D:2      | Found Nynt's Magic Scroll Emporium.
  1926 | D:2      | Bought a scroll of identify for 20 gold pieces
  1926 | D:2      | Bought a scroll of teleportation for 30 gold pieces
  1926 | D:2      | Bought a scroll of magic mapping for 35 gold pieces
  2380 | D:2      | Reached XP level 4. HP: 35/35 MP: 6/6
  2806 | D:3      | You pick up a book of Flames and begin reading...
  2806 | D:3      | You add the spells Foxfire, Conjure Flame, Inner Flame and
                  | Flame Wave to your library.
  3267 | D:3      | Reached skill level 4 in Invocations
  3272 | D:3      | Reached XP level 5. HP: 37/42 MP: 6/8
  3814 | D:3      | Reached skill level 4 in Fighting
  3852 | D:3      | Reached skill level 3 in Armour
  3857 | D:3      | Reached skill level 3 in Polearms
  4260 | D:4      | Reached **** piety under Lugonu
  4266 | D:4      | Reached XP level 6. HP: 44/48 MP: 9/9
  4578 | D:4      | Reached skill level 5 in Invocations
  4793 | D:4      | Found an opulent altar of Gozag.
  4885 | D:4      | Noticed a steam dragon
  4894 | D:4      | Killed a steam dragon
  4895 | D:4      | Gained mutation: Your touch may inflict minor irresistible
                  | damage on your foes. [demonic ancestry]
  4895 | D:4      | Reached XP level 7. HP: 31/55 MP: 9/11
  5205 | D:5      | Entered Level 5 of the Dungeon
  5387 | D:5      | Reached skill level 4 in Armour
  5403 | D:5      | Reached skill level 5 in Fighting
  5403 | D:5      | Reached skill level 4 in Polearms
  5411 | D:5      | Reached skill level 6 in Invocations
  5651 | D:5      | Reached skill level 1 in Dodging
  5717 | D:5      | Reached skill level 2 in Dodging
  5730 | D:5      | Gained mutation: Spells you cast may paralyse adjacent
                  | enemies. [demonic ancestry]
  5730 | D:5      | Reached XP level 8. HP: 54/63 MP: 12/12
  6165 | D:5      | Reached skill level 3 in Dodging
  6166 | D:5      | HP: 8/64 [yak (10)]
  6170 | D:5      | Reached skill level 7 in Invocations
  6549 | D:5      | Reached skill level 6 in Fighting
  6549 | D:5      | Reached skill level 5 in Polearms
  6687 | D:5      | Reached skill level 4 in Dodging
  6957 | D:5      | Identified the +3 leather armour "Vurulai" {rN+}
  7056 | D:5      | Reached skill level 5 in Dodging
  7146 | D:5      | Reached skill level 8 in Invocations
  7192 | D:5      | Reached XP level 9. HP: 54/71 MP: 15/15
  7779 | D:6      | Found a staircase to the Ecumenical Temple.
  7807 | D:6      | Reached skill level 7 in Fighting
  7810 | D:6      | Reached skill level 6 in Polearms
  7810 | D:6      | Reached skill level 6 in Dodging
  8022 | D:6      | You pick up a book of Spatial Translocations and begin
                  | reading...
  8022 | D:6      | You add the spells Blink, Lesser Beckoning and Manifold
                  | Assault to your library.
  8157 | D:6      | Found a bloodstained altar of Trog.
  8274 | D:6      | Found the +9 heavy crossbow "Sniper" {vorpal, Acc+∞ SInv}
  8650 | D:7      | Reached skill level 1 in Crossbows
  8650 | D:7      | Reached skill level 9 in Invocations
  8931 | D:7      | Reached skill level 2 in Crossbows
  9060 | D:7      | Reached skill level 7 in Dodging
  9124 | D:7      | You pick up a book of Callings and begin reading...
  9124 | D:7      | You add the spells Summon Small Mammal, Call Canine
                  | Familiar and Summon Guardian Golem to your library.
  9431 | D:8      | Noticed a two-headed ogre
  9434 | D:8      | Killed a two-headed ogre
  9434 | D:8      | Reached ***** piety under Lugonu
  9435 | D:8      | Reached skill level 3 in Crossbows
  9435 | D:8      | Gained mutation: Your touch may inflict irresistible damage
                  | on your foes. [demonic ancestry]
  9435 | D:8      | Reached XP level 10. HP: 80/80 MP: 16/16
  9463 | D:7      | Reached skill level 4 in Crossbows
  9719 | D:8      | You pick up a book of Storms and begin reading...
  9719 | D:8      | You add the spells Airstrike, Summon Lightning Spire and
                  | Lightning Bolt to your library.
  9754 | D:8      | Reached skill level 8 in Fighting
  9800 | D:8      | You pick up a book of the Tundra and begin reading...
  9800 | D:8      | You add the spells Hailstorm, Ice Form and Simulacrum to
                  | your library.
  9877 | D:8      | Reached skill level 8 in Dodging
  9883 | D:8      | You pick up a book of Decay and begin reading...
  9883 | D:8      | You add the spells Corpse Rot, Dispel Undead and Death
                  | Channel to your library.
  9998 | D:8      | Found a runed translucent gate.
  9998 | D:8      | Found a runed translucent gate.
  9998 | D:8      | Found a runed translucent gate.
  9999 | D:8      | Found an opulent altar of Gozag.
 10000 | D:8      | Noticed an orc knight
 10001 | D:8      | Noticed trickyswaf's ghost (novice MiFi)
 10001 | D:8      | Noticed a four-headed hydra
 10001 | D:8      | Noticed a centaur warrior
 10791 | D:8      | Reached skill level 5 in Crossbows
 11356 | D:9      | Noticed Joseph
 11358 | D:9      | Killed Joseph
 11424 | D:9      | Found a staircase to the Lair.
 11480 | D:9      | Noticed Maurice
 11483 | D:9      | Killed Maurice
 11572 | D:9      | Reached skill level 6 in Crossbows
 11608 | D:9      | Noticed Harold
 11616 | D:9      | Killed Harold
 11617 | D:9      | Reached skill level 9 in Dodging
 12022 | D:9      | Noticed a two-headed ogre
 12025 | D:9      | Killed a two-headed ogre
 12026 | D:9      | Reached skill level 9 in Fighting
 12045 | Lair:1   | Entered Level 1 of the Lair of Beasts
 12045 | Lair:1   | Noticed a cane toad
 12047 | Lair:1   | Noticed a black mamba
 12048 | Lair:1   | Noticed dolemite99's ghost (journeyman DjCj)
 12050 | Lair:1   | Killed a black mamba
 12051 | Lair:1   | Reached skill level 7 in Crossbows
 12051 | Lair:1   | Gained mutation: You frequently emit foul miasma when
                  | damaged in melee. [demonic ancestry]
 12051 | Lair:1   | Reached XP level 11. HP: 89/89 MP: 17/17
 12051 | Lair:1   | Found a transporter.
 12138 | Lair:1   | Found a transporter.
 12795 | Lair:1   | Reached skill level 10 in Dodging
 13039 | Lair:2   | Noticed a four-headed hydra
 13228 | Lair:2   | Noticed a four-headed hydra
 13230 | Lair:2   | Noticed a six-headed hydra
 13232 | Lair:2   | Killed a four-headed hydra
 13233 | Lair:2   | Reached skill level 8 in Crossbows
 13709 | Lair:2   | Killed a four-headed hydra
 13888 | Lair:2   | Killed a six-headed hydra
 14052 | Lair:2   | Reached skill level 10 in Fighting
 14155 | Lair:2   | Reached skill level 11 in Dodging
 14497 | Lair:3   | Reached skill level 9 in Crossbows
 14665 | Lair:3   | Noticed a four-headed hydra
 14694 | Lair:3   | Killed a four-headed hydra
 14700 | Lair:3   | Gained mutation: You have a somewhat thin skeletal
                  | structure. (Dex +2, Stealth+) [demonic ancestry]
 14700 | Lair:3   | Reached XP level 12. HP: 82/98 MP: 11/18
 15087 | Lair:3   | Noticed a boulder beetle
 15092 | Lair:3   | Banished a boulder beetle
 15093 | Lair:3   | Reached skill level 10 in Crossbows
 15194 | Lair:3   | You pick up a book of Changes and begin reading...
 15194 | Lair:3   | You add the spells Beastly Appendage, Wereblood and Spider
                  | Form to your library.
 15282 | Lair:3   | Reached skill level 12 in Dodging
 15283 | Lair:3   | Found a staircase to the Snake Pit.
 15653 | Lair:4   | Noticed Nergalle
 15656 | Lair:4   | Killed Nergalle
 15692 | Lair:4   | You pick up a book of Dreams and begin reading...
 15692 | Lair:4   | You add the spells Ensorcelled Hibernation and Anguish to
                  | your library.
 15742 | Lair:4   | Reached skill level 11 in Fighting
 16021 | Lair:4   | Noticed Sonja
 16023 | Lair:4   | Killed Sonja
 16071 | Lair:4   | Reached skill level 11 in Crossbows
 16332 | Lair:4   | Found a staircase to the Swamp.
 17088 | Lair:5   | Reached skill level 12 in Crossbows
 17096 | Lair:5   | You pick up a book of Flames and begin reading...
 17178 | Lair:5   | Noticed a catoblepas
 17185 | Lair:5   | Killed a catoblepas
 17355 | Lair:5   | Found an ancient bone altar of Kikubaaqudgha.
 17644 | Lair:5   | Reached XP level 13. HP: 107/107 MP: 19/19
 17668 | Lair:5   | a - a +0 quick blade {rare}
 17693 | Lair:5   | Reached skill level 12 in Fighting
 17968 | Lair:5   | Reached ****** piety under Lugonu
 17969 | Lair:5   | Do you wish to have your +0 quick blade {rare} corrupted
                  | with distortion?
 17969 | Lair:5   | Identified a +2 quick blade of distortion {rare} (a +0
                  | quick blade {rare} corrupted by Lugonu)
 17969 | Lair:5   | Your quick blade {rare} shines brightly!
 17969 | Lair:5   | Received a gift from Lugonu
 17970 | Lair:5   | your +2 quick blade of distortion {rare} glows red for a
                  | moment.
 18063 | Lair:6   | Entered Level 6 of the Lair of Beasts
 18142 | Lair:6   | Found a staircase to the Slime Pits.
 18142 | Lair:6   | Found a viscous altar of Jiyva.
 18153 | Lair:6   | Found a gate leading to a gauntlet.
 18170 | Gauntlet | Entered a Gauntlet
 18170 | Gauntlet | Found a transporter.
 18170 | Gauntlet | Found a transporter.
 18178 | Gauntlet | Found a transporter.
 18182 | Gauntlet | Found a transporter.
 18186 | Gauntlet | Found a runed translucent door.
 18188 | Gauntlet | Found a runed translucent door.
 18191 | Gauntlet | Found a transporter.
 18195 | Gauntlet | Found a transporter.
 18208 | Gauntlet | Found a transporter.
 18220 | Gauntlet | Found a transporter.
 18235 | Gauntlet | Found a transporter.
 18239 | Gauntlet | Found a transporter.
 18241 | Gauntlet | Found a runed translucent gate.
 18241 | Gauntlet | Found a runed translucent gate.
 18241 | Gauntlet | Found a runed translucent gate.
 18247 | Gauntlet | Found a transporter.
 18251 | Gauntlet | Found a transporter.
 18359 | Gauntlet | Corrupted Gauntlet
 18359 | Gauntlet | Noticed a bunyip
 18359 | Gauntlet | Noticed a green death
 18359 | Gauntlet | Noticed a red very ugly thing
 18559 | Gauntlet | You are cast into the Abyss!
 18559 | Gauntlet | Cast into level 2 of the Abyss (a wizard)
 18562 | Abyss:2  | Found a corrupted altar of Lugonu.
 18656 | Abyss:2  | HP: 20/109 [hell hog/fireball (23)]
 18657 | Gauntlet | You pass through the gate.
 18657 | Gauntlet | Escaped the Abyss
 18660 | Gauntlet | Reached skill level 13 in Crossbows
 18978 | Gauntlet | Identified the amulet "Yfuefik" {rF+ rC+ Will+ Regen+
                  | Stlth+}
 19165 | Gauntlet | Identified the +5 glaive of the Shimmering Fool {flame,
                  | rElec Stlth+}
 19165 | Gauntlet | Identified the ring of the Firefly {Fly rF+ rN+}
 19165 | Gauntlet | Noticed a minotaur
 19171 | Gauntlet | Killed a minotaur
 19191 | Gauntlet | Identified the +6 war axe of Barnacled Guile {vorpal, Fly
                  | Dex+3}
 19192 | Gauntlet | Z - quicksilver dragon scales {rare}
 19763 | Lair:6   | Reached skill level 13 in Fighting
 19782 | Lair:6   | Identified the +1 ring mail of Denos {rF+++ Int+4 SInv
                  | Stlth-}
 19838 | Lair:6   | Reached skill level 14 in Crossbows
 20247 | Lair:6   | Gained mutation: You have a moderately thin skeletal
                  | structure. (Dex +4, Stealth++) [demonic ancestry]
 20247 | Lair:6   | Reached XP level 14. HP: 117/118 MP: 20/20
 20259 | Lair:6   | You drop quicksilver dragon scales {rare}.
 20263 | Lair:6   | quicksilver dragon scales {rare}; +1 fire dragon scales
 20513 | Lair:6   | quicksilver dragon scales {rare}; +1 fire dragon scales
 20571 | Lair:6   | Found a corrupted altar of Lugonu.
 20571 | Lair:6   | Found a one-way gate to the infinite horrors of the Abyss.
 20578 | Lair:6   | Identified the +2 longbow "Mukir" {venom, rElec Int+4}
 20586 | Lair:6   | You add the spells Olgreb's Toxic Radiance, Ozocubu's
                  | Refrigeration and Ignition to your library.
 20947 | D:10     | Entered Level 10 of the Dungeon
 21118 | D:10     | Found a staircase to the Orcish Mines.
 21123 | D:10     | You pick up a book of Winter and begin reading...
 21123 | D:10     | You add the spells Ozocubu's Armour and Metabolic
                  | Englaciation to your library.
 21167 | D:10     | Reached skill level 15 in Crossbows
 21608 | Orc:1    | Entered Level 1 of the Orcish Mines
 21828 | Orc:2    | Entered Level 2 of the Orcish Mines
 22192 | Orc:2    | Noticed an orc warlord
 22263 | Orc:1    | Killed an orc warlord
 22403 | Orc:2    | Reached skill level 14 in Fighting
 22442 | Orc:2    | Found a staircase to the Elven Halls.
 22638 | Orc:2    | Found Qasyc's Book Shop.
 22639 | Orc:2    | Found Kozej's Assorted Antiques.
 22720 | Orc:2    | Bought a scroll labelled KAUNIZ ANEEL for 29 gold pieces
 22720 | Orc:2    | Bought an orange potion for 26 gold pieces
 22909 | Orc:2    | Found Oletaj's Armour Shoppe.
 22909 | Orc:2    | Found Hocrumo's Jewellery Shop.
 22923 | Orc:2    | Bought the ring "Buipnifeo" {Dex+4 Slay+3 SInv Stlth+} for
                  | 778 gold pieces
 23240 | Orc:2    | Bought 3 potions of curing for 261 gold pieces
 23240 | Orc:2    | Bought a scroll of enchant armour for 217 gold pieces
 23808 | D:11     | Found a portal to a secret trove of treasure.
 23836 | D:11     | This trove needs +3 fire dragon scales to function. Give it
                  | the item?
 24018 | D:12     | Found Yreche's Weapon Shoppe.
 24025 | D:12     | Noticed Kirke
 24027 | D:12     | Noticed a sphinx
 24698 | D:11     | Killed Kirke
 24699 | D:11     | Reached skill level 16 in Crossbows
 24699 | D:11     | Reached skill level 13 in Dodging
 24766 | D:12     | Found the +3 salamander hide armour {Flames rF++ rC--}
 25042 | D:12     | Found Fejyh's General Store.
 25043 | D:12     | Identified the +3 arbalest of the Five Continents {venom,
                  | rElec}
 25059 | D:12     | Bought a scroll of identify for 30 gold pieces
 25535 | D:13     | Reached XP level 15. HP: 127/127 MP: 21/21
 25671 | D:13     | Noticed Jorgrun
 25682 | D:13     | Killed Jorgrun
 25864 | D:13     | You pick up a book of Cantrips and begin reading...
 25864 | D:13     | You add the spells Necrotize and Apportation to your
                  | library.
 26067 | D:14     | Found a stormy altar of Qazlal.
 26243 | D:14     | Found a gate to the Vaults.
 26399 | D:14     | Identified the +2 ring mail of the Vestibule of Hell {Str+5
                  | Slay-6 Stlth+}
 26420 | D:14     | Found a broken altar of Ashenzari.
 26612 | D:14     | You fall into a shaft and drop 1 floor!
 26612 | D:15     | Entered Level 15 of the Dungeon
 26854 | D:14     | Reached skill level 15 in Fighting
 27037 | D:15     | Reached skill level 17 in Crossbows
 27066 | D:15     | You pick up a book of Cantrips and begin reading...
 27093 | D:15     | Found a staircase to the Depths.
 27515 | Swamp:1  | Entered Level 1 of the Swamp
 28016 | D:2      | Bought a scroll of enchant armour for 75 gold pieces
 28338 | Lair:6   | quicksilver dragon scales {rare}; +1 fire dragon scales
 28608 | D:11     | This trove needs +3 fire dragon scales to function. Give it
                  | the item?
 28608 | D:11     | You paid a toll of +3 fire dragon scales to enter a
                  | treasure trove
 28609 | Trove    | Entered a treasure trove
 28623 | Trove    | You add the spells Stone Arrow, Ignite Poison, Sticky Flame
                  | and Animate Armour to your library.
 28623 | Trove    | Got Sif Muna's Disquisition on Dusty Heat
 28671 | Trove    | You add the spells Sandblast, Petrify, Infestation and
                  | Necromutation to your library.
 28671 | Trove    | Got Vewet's Grimoire of Earthen Black Rituals
 28680 | Trove    | You pick up a book of Conjurations and begin reading...
 28680 | Trove    | You add the spells Magic Dart, Searing Ray and Fulminant
                  | Prism to your library.
 28935 | Swamp:1  | Reached skill level 1 in Evocations
 29000 | Swamp:1  | Reached skill level 2 in Evocations
 29283 | Swamp:2  | Reached skill level 3 in Evocations
 29305 | Swamp:2  | Reached skill level 14 in Dodging
 29499 | Swamp:2  | Reached skill level 4 in Evocations
 29570 | Swamp:2  | You fall into a shaft and drop 1 floor!
 29697 | Swamp:3  | Identified 2 potions of experience
 29698 | Swamp:3  | Reached skill level 17 in Fighting
 29698 | Swamp:3  | Gained mutation: Your touch may irresistibly damage your
                  | foes and sap their willpower. [demonic ancestry]
 29698 | Swamp:3  | Reached XP level 16. HP: 141/141 MP: 22/22
 29699 | Swamp:3  | Reached skill level 7 in Evocations
 29699 | Swamp:3  | Gained mutation: You have an unnaturally thin skeletal
                  | structure. (Dex +6, Stealth+++) [demonic ancestry]
 29699 | Swamp:3  | Reached XP level 17. HP: 149/149 MP: 23/23
 29845 | Swamp:3  | Gained mutation: Spells you cast may paralyse nearby
                  | enemies. [demonic ancestry]
 29845 | Swamp:3  | Reached XP level 18. HP: 156/156 MP: 24/24
 29907 | Swamp:3  | Reached skill level 8 in Evocations
 30108 | Swamp:4  | Entered Level 4 of the Swamp
 30187 | Swamp:2  | You pick up a book of Frost and begin reading...
 30187 | Swamp:2  | You add the spells Freeze and Frozen Ramparts to your
                  | library.
 30390 | Swamp:4  | Identified a scroll of acquirement
 30391 | Swamp:4  | Acquired 1055 gold pieces
 30409 | Swamp:4  | Reached skill level 18 in Fighting
 30552 | Swamp:4  | You pick up a book of Spatial Translocations and begin
                  | reading...
 30570 | Swamp:4  | Reached skill level 18 in Crossbows
 30690 | Swamp:4  | Reached skill level 9 in Evocations
 31039 | Swamp:4  | your +3 quick blade of distortion {rare} glows red for a
                  | moment.
 31194 | Swamp:4  | Identified the +0 plate armour "Jaddeipe" {rN+ Int+8}
 31338 | Swamp:4  | Found a basalt altar of Yredelemnul.
 31427 | Swamp:4  | Got a decaying rune of Zot
 31574 | Swamp:4  | Reached skill level 10 in Evocations
 31575 | Swamp:4  | HP: 33/158 [constriction (12)]
 31864 | Swamp:4  | Found a blossoming altar of Fedhas.
 32051 | Snake:1  | Entered Level 1 of the Snake Pit
 32552 | Snake:1  | Reached skill level 19 in Fighting
 32592 | Snake:1  | Found Jupar's Weapon Shoppe.
 33393 | Snake:1  | You pick up a book of Flames and begin reading...
 33525 | Snake:2  | HP: 38/160 [naga warrior/+0 dire flail (12)]
 33721 | Snake:2  | Reached skill level 19 in Crossbows
 33749 | Snake:2  | Found Owus's Weapon Emporium.
 33888 | Snake:2  | Reached skill level 15 in Dodging
 33996 | Snake:2  | Found a runed translucent door.
 33997 | Snake:2  | Noticed Gygal Fez's ghost (adept MiFi)
 34396 | Snake:2  | Killed Gygal Fez's ghost
 34540 | Snake:3  | Noticed Vashnia
 35081 | Snake:3  | Killed Vashnia
 35082 | Snake:3  | Reached XP level 19. HP: 104/168 MP: 25/25
 35226 | Snake:3  | HP: 39/168 [naga warrior/+0 war axe (25)]
 35468 | Snake:3  | Found a radiant altar of Vehumet.
 35470 | Snake:3  | You pick up a book of Rime and begin reading...
 35786 | Snake:3  | You pick up a book of Lightning and begin reading...
 35786 | Snake:3  | You add the spells Static Discharge and Maxwell's
                  | Capacitive Coupling to your library.
 36005 | Snake:3  | HP: 36/168 [salamander/+0 spear (21)]
 36010 | Snake:4  | Entered Level 4 of the Snake Pit
 36095 | Snake:4  | Found a frozen archway.
 36149 | IceCv    | Entered an ice cave
 36342 | IceCv    | Reached skill level 20 in Fighting
 36433 | IceCv    | Reached skill level 20 in Crossbows
 36473 | IceCv    | Found the +8 frozen axe "Frostbite" {freezing cloud, *Noise
                  | Fly rC+}
 36483 | IceCv    | Identified a +2 crystal plate armour of cold resistance
 36484 | IceCv    | Identified the ring of the Duchess {rC+ MP-9 Str+3 SInv}
 36518 | IceCv    | Could not pick up a +2 crystal plate armour of cold
                  | resistance {rare} here; ([A]lways) ignore it?
 36771 | Snake:4  | Noticed Mlioglotl
 36775 | Snake:4  | Killed Mlioglotl
 37074 | Snake:4  | Identified the +1 chain mail of Atheism {rElec Regen+}
 37178 | Snake:4  | Reached skill level 16 in Dodging
 37426 | Snake:4  | Got a serpentine rune of Zot
 38898 | Snake:3  | Reached XP level 20. HP: 177/178 MP: 26/26
 39216 | Vaults:1 | Entered Level 1 of the Vaults
 39245 | Vaults:1 | Reached skill level 1 in Stealth
 39297 | Vaults:1 | You pick up a book of Alchemy and begin reading...
 39297 | Vaults:1 | You add the spells Sublimation of Blood and Irradiate to
                  | your library.
 39315 | Vaults:1 | Learned a level 5 spell: Irradiate
 39416 | Vaults:1 | Reached skill level 21 in Crossbows
 39507 | Vaults:1 | Reached skill level 1 in Transmutations
 39510 | Vaults:1 | Reached skill level 1 in Conjurations
 39579 | Vaults:1 | Reached skill level 2 in Stealth
 39731 | Vaults:1 | Reached skill level 2 in Conjurations
 39733 | Vaults:1 | Reached skill level 2 in Transmutations
 39965 | Vaults:1 | Reached skill level 3 in Conjurations
 40014 | Vaults:1 | Reached skill level 3 in Transmutations
 40083 | Vaults:1 | Reached skill level 3 in Stealth
 40132 | Vaults:1 | Reached skill level 4 in Conjurations
 40463 | Vaults:2 | Reached skill level 4 in Transmutations
 40552 | Vaults:2 | Identified the +3 dagger of Desperation {venom, rC+}
 40614 | Vaults:2 | Reached skill level 5 in Conjurations
 40661 | Vaults:2 | Reached skill level 4 in Stealth
 40663 | Vaults:2 | Reached skill level 5 in Transmutations
 40667 | Vaults:2 | HP: 35/178 [cloud of flame (9)]
 40668 | Vaults:2 | Found Kixuna's Magic Scroll Emporium.
 40786 | Vaults:2 | Bought a scroll of identify for 26 gold pieces
 40786 | Vaults:2 | Bought a scroll of identify for 26 gold pieces
 40786 | Vaults:2 | Bought a scroll of identify for 26 gold pieces
 41255 | Vaults:2 | Reached skill level 6 in Conjurations
 41568 | Vaults:2 | Really attack while wielding the +9 heavy crossbow "Sniper"
                  | {vorpal, Acc+∞ SInv}?
 41572 | Vaults:2 | Reached skill level 6 in Transmutations
 41846 | Vaults:3 | Reached skill level 5 in Stealth
 41857 | Vaults:3 | Reached skill level 7 in Conjurations
 42383 | Vaults:3 | Reached XP level 21. HP: 184/184 MP: 27/27
 42451 | Vaults:3 | Reached skill level 7 in Transmutations
 42639 | Vaults:3 | Reached skill level 17 in Dodging
 42646 | Vaults:3 | Found a staircase to the Crypt.
 42710 | Vaults:3 | Reached skill level 8 in Conjurations
 42897 | Vaults:3 | Reached skill level 6 in Stealth
 43048 | Vaults:3 | Identified the +7 glaive "Luorph" {vorpal, rF+ Str+3 Int-2
                  | Dex+4}
 43107 | Vaults:3 | Reached skill level 8 in Transmutations
 43135 | Vaults:3 | Paralysed by a great orb of eyes for 5 turns
 43479 | Vaults:4 | Reached skill level 7 in Stealth
 43946 | Vaults:4 | Paralysed by a sphinx for 3 turns
 44027 | Vaults:4 | Reached skill level 8 in Stealth
 44040 | Vaults:4 | Reached skill level 9 in Conjurations
 44374 | Vaults:4 | Reached skill level 9 in Transmutations
 44631 | Vaults:5 | Entered Level 5 of the Vaults
 44791 | Vaults:5 | Really attack while wielding the +9 heavy crossbow "Sniper"
                  | {vorpal, Acc+∞ SInv}?
 45031 | Vaults:5 | HP: 27/184 [tengu reaver/bolt of cold (24)]
 45038 | Vaults:5 | Reached skill level 9 in Stealth
 45043 | Vaults:5 | Gained mutation: Spells you cast and wands you use may
                  | paralyse nearby enemies. [demonic ancestry]
 45043 | Vaults:5 | Reached XP level 22. HP: 115/192 MP: 28/28
 45047 | Vaults:5 | HP: 36/192 [yaktaur captain/bolt (38)]
 45502 | Depths:1 | Entered Level 1 of the Depths
 45532 | Depths:1 | Reached skill level 18 in Dodging
 45573 | Depths:1 | Reached skill level 10 in Conjurations
 45631 | Depths:1 | Found a gateway to Hell.
 45677 | Depths:1 | You fall into a shaft and drop 1 floor!
 45791 | Depths:2 | Noticed Mara
 45795 | Depths:2 | Killed Mara
 45799 | Depths:2 | Noticed Vv
 45853 | Depths:1 | Killed Vv
 45876 | Depths:2 | Reached skill level 10 in Transmutations
 45882 | Depths:2 | You pick up a book of Transfigurations and begin reading...
 45882 | Depths:2 | You add the spells Blade Hands and Dragon Form to your
                  | library.
 45900 | Depths:2 | Found a one-way gate leading to the halls of Pandemonium.
 45909 | Depths:2 | Paralysed by a floating eye for 2 turns
 46031 | Depths:2 | Found a one-way gateway to a ziggurat.
 46211 | Depths:2 | Reached skill level 10 in Stealth
 46560 | Depths:2 | Reached skill level 11 in Conjurations
 46892 | Depths:3 | Noticed a caustic shrike
 46896 | Depths:3 | Noticed a juggernaut
 46905 | Depths:2 | Killed a caustic shrike
 46905 | Depths:2 | Noticed a caustic shrike
 46908 | Depths:2 | Killed a caustic shrike
 47071 | Depths:2 | Reached skill level 11 in Transmutations
 47149 | Depths:2 | Identified the +4 quarterstaff "Lesez" {freeze, rElec rF+
                  | Int-2 Dex+6}
 47264 | Depths:3 | Identified the ring "Kahah" {Str+4 Int+6}
 47582 | Depths:3 | Noticed an ancient lich
 47601 | Depths:2 | HP: 36/188 [spriggan berserker/+1 rapier of venom (25)]
 47604 | Depths:2 | Mangled by a death yak

Vanquished Creatures
  Mara (Depths:2)
  Vv (Depths:1)
  2 caustic shrikes (Depths:2)
  Vashnia (Snake:3)
  Jorgrun (D:13)
  Mlioglotl (Snake:4)
  The ghost of Gygal Fez the Peltast, an adept MiFi of Okawaru (Snake:2)
  2 liches
  An ancient champion (Vaults:3)
  An eldritch tentacle (Vaults:5)
  3 sphinxes
  4 thorn hunters (Swamp:4)
  A tengu reaver (Depths:2)
  Kirke (D:11)
  3 fire giants
  9 nagarajas
  A deep elf sorcerer (Vaults:5)
  7 frost giants
  2 orc warlords
  8 vault wardens
  A balrug (Depths:3)
  A spriggan defender (Depths:2)
  A hydra skeleton (Swamp:4)
  13 very ugly things
  2 war gargoyles (Vaults:3)
  19 ironbound preservers
  9 ironbound thunderhulks
  10 stone giants
  2 entropy weavers
  5 eleionomae
  4 vampire knights
  A deep elf annihilator (Depths:2)
  A white draconian (IceCv)
  3 bunyips
  A spark wasp (Depths:2)
  A minotaur (Gauntlet)
  10 dire elephants
  2 eidola (Vaults:3)
  5 ettins
  A deep elf death mage (Vaults:4)
  3 crystal guardians
  3 shambling mangroves (Swamp:4)
  12 yaktaur captains
  2 fire dragons
  28 vault guards
  Harold (D:9)
  2 salamander tyrants
  12 ice dragons
  8 great orbs of eyes
  25 hydras
  3 peacekeepers
  3 boulder beetles
  11 centaur warriors
  10 ironbound frosthearts
  10 naga warriors
  2 catoblepae
  5 alligators
  6 anacondas
  3 two-headed ogres
  A spriggan skeleton (Depths:2)
  2 dancing weapons (D:14)
  2 ghost crabs
  3 spriggan air magi
  4 deep troll shamans
  A death scarab (Gauntlet)
  7 orc high priests (Orc:2)
  2 vampire magi (Depths:2)
  A tengu warrior (Depths:1)
  2 deep troll earth magi (Depths:2)
  4 thrashing horrors (Lair:6)
  A spriggan berserker (Depths:2)
  10 shock serpents
  20 naga sharpshooters
  Nergalle (Lair:4)
  Sonja (Lair:4)
  2 salamander mystics (Snake:4)
  6 iron trolls (Depths:2)
  6 skeletal warriors
  A goliath frog (Swamp:1)
  3 glowing orange brains
  4 spriggan druids
  4 sea snakes (Snake:3)
  4 bog bodies
  A flayed ghost (Swamp:4)
  11 naga ritualists
  7 swamp dragons (Swamp:4)
  64 deep trolls
  A quicksilver dragon simulacrum (Depths:2)
  An orange crystal statue (IceCv)
  A spectral hydra (Swamp:4)
  9 ironbound convokers
  A tengu zombie (Vaults:2)
  9 wizards
  3 harpies (Vaults:3)
  4 phantasmal warriors
  11 lindwurms
  2 necromancers
  5 cyclopes
  3 orc knights
  4 oklob plants
  2 sphinx skeletons
  10 mana vipers
  5 manticores
  28 ugly things
  An orc sorcerer (Orc:2)
  13 salamanders
  A fire giant zombie (Depths:2)
  5 will-o-the-wisps
  A large abomination (Lair:6)
  Maurice (D:9)
  11 guardian serpents
  30 black mambas
  21 vault sentinels
  An eye of devastation (Gauntlet)
  A guardian serpent (shapeshifter) (Vaults:5)
  14 naga magi
  Joseph (D:9)
  A torpor snail (Gauntlet)
  8 elephants
  14 cane toads
  4 smoke demons (Lair:6)
  A human zombie (Vaults:2)
  An unseen horror (D:13)
  5 gargoyles
  A rime drake (shapeshifter) (D:15)
  A kobold demonologist (D:10)
  11 rime drakes
  2 efreet
  3 freezing wraiths
  27 yaktaurs
  2 ancient zymes
  9 komodo dragons
  2 hydra zombies (Swamp:4)
  A red devil (Depths:2)
  2 death drake zombies (Swamp:4)
  9 polar bears
  3 trolls
  13 hornets
  A tarantella (shapeshifter) (D:13)
  23 blink frogs
  2 death drake skeletons (Swamp:4)
  9 tyrant leeches
  An ettin zombie (Vaults:2)
  14 slime creatures
  A fire giant simulacrum (Depths:1)
  5 dream sheep (Lair:6)
  11 spriggans
  A culicivora (Vaults:2)
  A centaur simulacrum (D:14)
  2 shadows
  4 wraiths
  3 wyverns
  3 vampires
  42 yaks
  4 hogs
  4 basilisks
  2 fire elementals (Lair:2)
  A water elemental (Depths:1)
  2 golden eyes (Gauntlet)
  3 redbacks
  2 chaos spawn (Lair:6)
  15 vampire mosquitoes
  A spectral fire crab (Gauntlet)
  3 steam dragons
  6 wargs (Orc:2)
  49 nagas
  14 swamp worms
  A glowing shapeshifter zombie (Depths:2)
  14 water moccasins
  2 acid dragons
  An acid dragon (shapeshifter) (Lair:6)
  5 hydra simulacra (Swamp:4)
  A floating eye (Depths:2)
  4 swamp drakes
  12 orc warriors
  An ice beast (Vaults:1)
  A sky beast (shapeshifter) (Lair:6)
  5 black bears
  2 sky beasts
  2 swamp dragon zombies (Swamp:4)
  7 ogres
  18 wolves
  7 boggarts
  11 centaurs
  A swamp dragon skeleton (Swamp:4)
  3 phantoms
  A kobold brigand (D:7)
  19 bullfrogs
  2 necrophages (D:5)
  A gnoll sergeant (D:8)
  4 scorpions
  5 wights
  6 killer bees (D:10)
  9 small abominations (Lair:6)
  3 howler monkeys
  3 electric eels
  A crimson imp (D:5)
  32 orc priests
  A gnoll shaman (D:10)
  3 hounds
  5 iguanas
  21 orc wizards
  7 hell rats
  12 adders
  15 gnolls
  2 shadow imps (Gauntlet)
  5 white imps
  An ufetubus (Vaults:1)
  2 worms (D:2)
  3 dart slugs
  88 orcs
  5 bats
  5 endoplasms
  6 giant cockroaches
  7 hobgoblins
  14 jackals
  12 kobolds
  3 quokkas
  4 ball pythons
  4 frilled lizards
  9 goblins
  3 rats
1437 creatures vanquished.

Vanquished Creatures (collateral kills)
  A tengu reaver (Vaults:5)
  A deep elf annihilator (Vaults:5)
  A vault guard (Vaults:5)
3 creatures vanquished.

Vanquished Creatures (others)
  A naga warrior (Snake:2)
  An obsidian statue (Gauntlet)
  2 wizards (Gauntlet)
  A naga (Snake:1)
  A boggart (D:14)
  A gnoll (D:2)
  2 shadow imps (Gauntlet)
  4 white imps (Gauntlet)
  3 briar patches (Swamp:4)
  16 foxfires
  37 fungi
  51 plants
120 creatures vanquished.

Grand Total: 1560 creatures vanquished

Table legend:
 A = Non-vault XP
 B = Vault XP
 C = Vault XP percentage of total XP
 D = Non-vault monster count
 E = Vault monster count
 F = Vault count percentage of total count
                 A         B        C        D         E       F
            +---------+---------+-------+---------+---------+-------
      Total |  403914 |  258230 |  39.0 |     982 |     468 |  32.3
            +---------+---------+-------+---------+---------+-------
        D:1 |      40 |       0 |   0.0 |      20 |       0 |   0.0
        D:2 |      86 |       0 |   0.0 |      29 |       0 |   0.0
        D:3 |     201 |      51 |  20.2 |      24 |      10 |  29.4
        D:4 |     419 |       2 |   0.5 |      16 |       1 |   5.9
        D:5 |    1535 |    1041 |  40.4 |      16 |      21 |  56.8
        D:6 |     586 |       0 |   0.0 |      12 |       0 |   0.0
        D:7 |    1033 |       0 |   0.0 |      24 |       0 |   0.0
        D:8 |    2238 |       0 |   0.0 |      29 |       0 |   0.0
        D:9 |    1605 |    1800 |  52.9 |      19 |       3 |  13.6
       D:10 |    1884 |     494 |  20.8 |      17 |       2 |  10.5
       D:11 |    4834 |    1963 |  28.9 |      16 |       4 |  20.0
       D:12 |    5625 |     200 |   3.4 |      22 |       1 |   4.3
       D:13 |    9511 |    1886 |  16.5 |      24 |       1 |   4.0
       D:14 |    9598 |    1654 |  14.7 |      21 |       2 |   8.7
       D:15 |    2996 |    1040 |  25.8 |       7 |       1 |  12.5
     Lair:1 |    3383 |       0 |   0.0 |      19 |       0 |   0.0
     Lair:2 |    4615 |       0 |   0.0 |      15 |       0 |   0.0
     Lair:3 |    8391 |    2081 |  19.9 |      32 |      12 |  27.3
     Lair:4 |    5141 |    2282 |  30.7 |      14 |       3 |  17.6
     Lair:5 |    7293 |     572 |   7.3 |      26 |       1 |   3.7
     Lair:6 |   11486 |   11071 |  49.1 |      41 |      37 |  47.4
    Swamp:1 |   10875 |       0 |   0.0 |      20 |       0 |   0.0
    Swamp:2 |   11983 |       0 |   0.0 |      25 |       0 |   0.0
    Swamp:3 |    7431 |       0 |   0.0 |      17 |       0 |   0.0
    Swamp:4 |   15182 |   28691 |  65.4 |      31 |      45 |  59.2
    Snake:1 |    9300 |     625 |   6.3 |      20 |       2 |   9.1
    Snake:2 |   17628 |    1716 |   8.9 |      32 |       1 |   3.0
    Snake:3 |   23376 |    7564 |  24.4 |      40 |       8 |  16.7
    Snake:4 |   27931 |   25505 |  47.7 |      56 |      39 |  41.1
      Orc:1 |    2372 |       0 |   0.0 |      10 |       0 |   0.0
      Orc:2 |    2818 |    8341 |  74.7 |      35 |      61 |  63.5
   Vaults:1 |   18679 |   23151 |  55.3 |      25 |      34 |  57.6
   Vaults:2 |   35132 |   10932 |  23.7 |      54 |      17 |  23.9
   Vaults:3 |   32083 |   24227 |  43.0 |      43 |      31 |  41.9
   Vaults:4 |   35945 |   46043 |  56.2 |      48 |      58 |  54.7
   Vaults:5 |    3884 |    3754 |  49.1 |       4 |       4 |  50.0
   Depths:1 |    9415 |    3235 |  25.6 |      10 |       1 |   9.1
   Depths:2 |   51381 |   19122 |  27.1 |      61 |      13 |  17.6
   Depths:3 |    5677 |    1147 |  16.8 |       7 |       1 |  12.5
    Abyss:2 |     322 |       0 |   0.0 |       1 |       0 |   0.0
      IceCv |       0 |   23059 | 100.0 |       0 |      38 | 100.0
   Gauntlet |       0 |    4981 | 100.0 |       0 |      16 | 100.0
            +---------+---------+-------+---------+---------+-------

Illustrated notes

Table legend:
 A = Kills in this place as a percentage of kills in entire the game.
 B = Kills by you in this place as a percentage of kills by you in the entire game.
 C = Kills by friends in this place as a percentage of kills by friends in the entire game.
 D = Other kills in this place as a percentage of other kills in the entire game.
 E = Experience gained in this place as a percentage of experience gained in the entire game.
 F = Experience gained in this place divided by the number of levels of this place that you have seen.
                   A       B       C       D       E      F
               +-------+-------+-------+-------+-------+----------------------
         Total | 100.0 | 100.0 | 100.0 | 100.0 | 100.0 | 15048.7
       Dungeon |  23.6 |  23.7 |   0.0 |  18.2 |   7.9 | 3488.1
          Lair |  13.8 |  13.9 |   0.0 |   9.1 |   8.5 | 9385.8
         Swamp |   9.5 |   9.5 |   0.0 |  18.2 |  11.2 | 18540.5
     Snake Pit |  13.7 |  13.6 |   0.0 |  27.3 |  17.2 | 28411.2
  Orcish Mines |   7.3 |   7.4 |   0.0 |   0.0 |   2.0 | 6765.5
        Vaults |  21.9 |  21.7 | 100.0 |  27.3 |  35.3 | 46766.0
        Depths |   6.4 |   6.5 |   0.0 |   0.0 |  13.6 | 29992.3
         Abyss |   0.1 |   0.1 |   0.0 |   0.0 |   0.0 | 161.0
      Ice Cave |   2.6 |   2.6 |   0.0 |   0.0 |   3.5 | 23059.0
      Gauntlet |   1.1 |   1.1 |   0.0 |   0.0 |   0.8 | 4981.0
               +-------+-------+-------+-------+-------+----------------------

Table legend: (Time is in decaauts)
 A = Elapsed time spent in this place.
 B = Non-inter-level travel time spent in this place.
 C = Inter-level travel time spent in this place.
 D = Time resting spent in this place.
 E = Time spent auto-exploring this place.
 F = Levels seen in this place.
 G = Mean time per level.
                   A        B        C        D        E       F      G
               +--------+--------+--------+--------+--------+-----+--------+
         Total |  50312 |  45700 |   4612 |   5690 |  30238 |  44 | 1143.5 |
       Dungeon |  17846 |  16492 |   1354 |   1629 |  12318 |  15 | 1189.7 |
          Lair |   9782 |   8269 |   1513 |   1273 |   5662 |   6 | 1630.3 |
         Swamp |   3902 |   3476 |    426 |    582 |   2041 |   4 |  975.5 |
     Snake Pit |   5770 |   5300 |    470 |    763 |   3356 |   4 | 1442.5 |
  Orcish Mines |   1854 |   1661 |    193 |    105 |   1059 |   2 |  927.0 |
        Vaults |   6791 |   6387 |    404 |    589 |   4092 |   5 | 1358.2 |
        Depths |   2286 |   2037 |    249 |    406 |    989 |   3 |  762.0 |
         Abyss |    197 |    197 |      0 |      0 |     17 |   2 |   98.5 |
         Trove |     89 |     89 |      0 |      0 |     65 |   1 |   89.0 |
      Ice Cave |    654 |    654 |      0 |      3 |    383 |   1 |  654.0 |
      Gauntlet |   1137 |   1137 |      0 |    338 |    255 |   1 | 1137.0 |
               +--------+--------+--------+--------+--------+-----+--------+

Top non-repeatable levels by time:
Vaults:4: 2209 daAuts
     D:5: 2161 daAuts
  Lair:3: 2050 daAuts
Depths:2: 1984 daAuts
  Lair:6: 1914 daAuts
 Swamp:4: 1866 daAuts
 Snake:3: 1769 daAuts
Vaults:3: 1759 daAuts
     D:8: 1702 daAuts
 Snake:4: 1643 daAuts
    D:11: 1616 daAuts
  Lair:4: 1581 daAuts
     D:3: 1546 daAuts
  Lair:1: 1505 daAuts
Vaults:2: 1444 daAuts
